Map: [ESL] Alcyone

Players

Clem

  • Race: Terran Terran
  • Spawn Location: 1:00

HeroMarine - Winner!

  • Race: Terran Terran
  • Spawn Location: 7:00

Event: ESL Spring 2024 Finals

VOD

Have the link to the VOD?

Description

Time

  • Played on: May 31, 2024, 2:05 p.m.
  • Length: 11:24

All games in this series

Show
View Real Time Build Order
Export as new Build Order

Clem Terran 

Build Orders: Cyclone Opening 

Get SALT Encoding   

  12  0:00  SCV  
  13  0:12  SCV  
  14  0:16  Supply Depot  
  14  0:24  SCV  
  15  0:38  SCV  
  15  0:40  Barracks  
  15  0:42  Refinery  
  16  0:50  SCV  
  16  0:52  Refinery  
  17  1:02  SCV  
  18  1:14  SCV  
  19  1:26  Orbital Command, Reaper  
  19  1:31  Supply Depot  
  20  1:39  Factory  
  20  1:52  SCV  
  21  1:58  Reaper  
  22  2:04  SCV  
  23  2:14  Command Center  
  23  2:16  SCV  
  24  2:25  Hellion  
  24  2:28  SCV  
  27  2:36  Starport  
  27  2:40  SCV, Barracks Reactor  
  28  2:47  Supply Depot  
  28  2:53  Cyclone  
  28  2:57  SCV  
  31  3:09  SCV  
  31  3:12  Medivac  
  34  3:16  Marine x2  
  36  3:20  Refinery  
  36  3:21  SCV  
  36  3:26  Orbital Command  
  37  3:27  Factory Tech Lab  
  37  3:33  SCV  
  38  3:34  Marine x2  
  40  3:45  SCV  
  40  3:46  Siege Tank  
  40  3:47  Starport Tech Lab  
  44  3:52  SCV  
  44  3:53  Marine x2  
  47  3:57  Supply Depot  
  47  3:59  SCV  
  48  4:04  SCV  
  48  4:08  Raven  
  51  4:11  SCV  
  51  4:16  SCV  
  52  4:17  Marine x2  
  52  4:21  Siege Tank  
  52  4:23  SCV  
  57  4:27  Supply Depot, Interference Matrix  
  57  4:28  SCV  
  58  4:35  SCV  
  55  4:38  Marine x2  
  55  4:40  SCV  
  55  4:45  Raven  
  60  4:47  SCV  
  60  4:50  Command Center  
  62  4:52  SCV  
  62  4:58  Supply Depot  
  62  5:00  SCV  
  62  5:03  Factory Reactor  
  62  5:04  Barracks  
  62  5:05  SCV  
  64  5:10  Barracks  
  64  5:12  Stimpack  
  64  5:13  Marine  
  65  5:15  SCV  
  65  5:18  SCV  
  65  5:21  Supply Depot  
  67  5:27  SCV  
  68  5:29  Refinery  
  68  5:30  SCV  
  68  5:31  Starport Reactor  
  68  5:32  Marine  
  70  5:37  Engineering Bay  
  70  5:38  Engineering Bay  
  70  5:39  SCV  
  70  5:42  SCV  
  72  5:52  SCV  
  72  5:54  SCV, Marine  
  72  5:55  Barracks  
  72  5:56  Siege Tank  
  78  5:58  Barracks  
  78  5:59  Marine  
  78  6:03  Orbital Command  
  78  6:04  SCV, Marine  
  80  6:06  SCV, Marine  
  80  6:07  Marine  
  84  6:12  Terran Infantry Weapons Level 1  
  84  6:13  Terran Infantry Armor Level 1  
  84  6:16  Medivac  
  84  6:18  Medivac  
  88  6:21  Supply Depot, Marine  
  88  6:23  Marine  
  88  6:24  SCV  
  88  6:25  SCV  
  92  6:26  Orbital Command  
  92  6:27  Marine  
  92  6:34  Marine  
  92  6:36  SCV, Siege Tank  
  92  6:37  Supply Depot, SCV  
  92  6:39  Marine  
  99  6:43  Barracks Reactor  
  99  6:44  Supply Depot  
  99  6:48  SCV, Marine  
  99  6:50  Barracks Reactor  
  99  6:52  SCV  
  99  6:54  SCV, Medivac x2  
  103  7:00  SCV  
  108  7:04  SCV  
  108  7:06  SCV  
  108  7:08  Armory  
  110  7:09  Marine x2  
  110  7:11  Missile Turret, Barracks Reactor  
  110  7:12  Marine x2  
  110  7:13  Supply Depot  
  114  7:16  Combat Shield  
  114  7:18  SCV  
  114  7:20  SCV x2, Missile Turret  
  114  7:21  Supply Depot  
  117  7:23  Siege Tank  
  117  7:26  Refinery  
  117  7:27  Refinery  
  117  7:28  Marine x2  
  117  7:29  Marine  
  123  7:30  SCV  
  123  7:34  Factory  
  123  7:35  Marine  
  125  7:38  SCV x2  
  125  7:39  Supply Depot  
  125  7:40  Marine  
  125  7:41  Marine  
  125  7:42  SCV  
  125  7:44  Medivac  
  132  7:48  Supply Depot  
  132  7:51  Supply Depot  
  132  7:53  SCV  
  132  7:55  Sensor Tower  
  132  7:56  Supply Depot  
  133  8:00  Terran Vehicle Weapons Level 1  
  133  8:01  Marine x3, Medivac  
  133  8:03  SCV  
  133  8:05  Supply Depot  
  139  8:10  Siege Tank  
  139  8:11  Supply Depot  
  142  8:13  SCV  
  142  8:17  Command Center  
  142  8:18  Marine  
  143  8:21  Marine x4  
  143  8:24  Terran Infantry Weapons Level 2  
  147  8:28  Terran Infantry Armor Level 2  
  147  8:29  Supply Depot  
  147  8:30  Marine x2  
  147  8:31  Marine  
  151  8:35  Marine  
  151  8:39  Siege Tank, Marine  
  153  8:43  Marine x2  
  153  8:46  Barracks Reactor  
  153  8:47  Marine  
  153  8:48  Supply Depot  
  156  8:50  SCV x2, Marine x2  
  156  8:51  Siege Tank  
  156  8:53  Marine x2  
  165  8:57  SCV, Marine  
  165  9:01  Marine x2  
  165  9:02  SCV  
  167  9:04  Viking x2  
  167  9:05  Marine  
  167  9:08  Marine x2  
  173  9:10  Supply Depot  
  173  9:11  Marine, Refinery  
  177  9:17  Siege Tank  
  177  9:23  Siege Tank  
  160  9:24  Marine  
  160  9:27  Marine x8  
  160  9:29  Marine  
  152  9:34  Viking  
  130  9:42  Marine  
  130  9:45  Marine x7, Barracks  
  129  9:46  Barracks  
  129  9:47  Barracks  
  129  9:49  Siege Tank, Marine  
  129  9:50  Marine  
  135  9:55  Siege Tank  
  132  10:00  Marine  
  132  10:03  Marine, Viking  
  132  10:04  Marine x2  
  132  10:05  Marine  
  120  10:11  Marine  
  120  10:12  Marine  
  115  10:17  Marine x2  
  115  10:19  Marine  
  115  10:21  Siege Tank  
  109  10:23  Marine x2  
  109  10:26  Marine x3  
  109  10:28  Siege Tank  
  116  10:29  Marine  
  116  10:32  SCV  
  116  10:33  Marine  
  114  10:35  Marine x2  
  114  10:37  Marine  
  114  10:41  SCV, Marine  
  105  10:44  Marine  
  105  10:45  SCV x3  
  100  10:53  SCV  
  100  10:54  Marine  
  104  10:57  SCV x2, Marine x3  
  104  11:02  Marine x2  
  114  11:06  SCV  
  114  11:09  SCV x2  
Show
View Real Time Build Order
Export as new Build Order

HeroMarine Terran - Winner!

Build Orders: Cyclone Opening 

Get SALT Encoding   

  12  0:00  SCV  
  13  0:12  SCV  
  14  0:16  Supply Depot  
  14  0:24  SCV  
  15  0:38  SCV  
  15  0:39  Barracks  
  16  0:43  Refinery  
  16  0:50  SCV  
  16  0:53  Refinery  
  17  1:02  SCV  
  18  1:14  SCV  
  19  1:26  Orbital Command, Reaper  
  19  1:31  Supply Depot  
  20  1:41  Factory  
  20  1:52  SCV  
  21  1:58  Reaper  
  22  2:04  SCV  
  23  2:14  Command Center  
  23  2:16  SCV  
  24  2:24  Cyclone  
  24  2:28  SCV  
  27  2:37  Starport  
  27  2:41  SCV  
  28  2:45  Supply Depot  
  28  2:47  Barracks Reactor  
  28  2:53  SCV  
  28  2:56  Widow Mine  
  31  3:06  SCV  
  32  3:17  Factory Tech Lab  
  32  3:19  SCV  
  35  3:20  Refinery  
  35  3:23  Marine x2  
  37  3:27  Orbital Command  
  37  3:29  Starport Tech Lab  
  37  3:31  SCV  
  36  3:36  Siege Tank  
  39  3:41  Marine x2  
  39  3:43  SCV  
  42  3:49  Raven  
  42  3:53  SCV  
  42  3:55  SCV  
  46  4:00  Marine x2  
  48  4:05  SCV  
  48  4:07  Supply Depot  
  48  4:08  Siege Tank  
  52  4:11  SCV  
  50  4:17  SCV  
  50  4:18  Marine  
  50  4:23  SCV  
  53  4:29  Raven, SCV  
  55  4:35  SCV  
  55  4:38  Interference Matrix, Command Center  
  56  4:41  Supply Depot, SCV  
  57  4:48  SCV  
  61  4:53  Supply Depot  
  61  4:58  SCV  
  59  5:00  SCV  
  59  5:02  Factory Reactor  
  59  5:05  Stimpack  
  60  5:08  Raven, Barracks  
  60  5:10  SCV, Barracks  
  60  5:12  SCV  
  64  5:15  Marine  
  64  5:22  SCV  
  64  5:24  SCV, Engineering Bay  
  64  5:25  Engineering Bay  
  66  5:33  Marine  
  66  5:34  SCV  
  68  5:36  SCV  
  68  5:37  Refinery  
  69  5:46  SCV  
  69  5:48  SCV  
  71  5:51  Orbital Command  
  71  5:53  Siege Tank, Marine, Starport Reactor  
  75  5:59  SCV  
  75  6:00  SCV  
  75  6:04  Terran Infantry Armor Level 1  
  75  6:07  Terran Infantry Weapons Level 1  
  75  6:08  Barracks  
  75  6:10  Barracks  
  75  6:11  SCV  
  76  6:12  SCV  
  76  6:13  Orbital Command  
  76  6:15  Marine x4  
  76  6:16  Marine  
  76  6:17  Supply Depot  
  82  6:23  SCV  
  82  6:24  SCV  
  84  6:25  Siege Tank  
  84  6:32  Supply Depot x2, Medivac x2  
  91  6:35  SCV  
  91  6:36  SCV  
  91  6:38  Marine x3  
  91  6:39  Marine  
  96  6:42  Marine  
  96  6:44  Combat Shield  
  96  6:45  SCV  
  99  6:47  SCV  
  99  6:49  SCV  
  101  6:56  Marine x3, Barracks Reactor  
  101  6:57  SCV, Marine, Barracks Reactor  
  101  6:59  SCV  
  101  7:00  Marine  
  101  7:01  SCV  
  107  7:06  Medivac x2  
  107  7:07  Missile Turret  
  111  7:09  SCV  
  111  7:12  SCV  
  111  7:13  SCV  
  111  7:14  Sensor Tower  
  114  7:17  Marine x2  
  114  7:18  Marine, Refinery x2  
  117  7:24  Supply Depot  
  117  7:25  Supply Depot, SCV x2, Marine  
  117  7:29  Armory  
  120  7:31  Marine  
  120  7:32  Marine  
  120  7:33  Supply Depot, Marine  
  123  7:39  Marine x2  
  125  7:46  Siege Tank, Marine  
  125  7:48  Supply Depot, Marine x3  
  125  7:49  Marine  
  125  7:50  Marine  
  125  7:51  Marine  
  134  7:53  Medivac  
  134  7:54  Medivac  
  134  7:56  Marine  
  139  7:58  Marine  
  139  8:03  Marine  
  141  8:06  Marine x3  
  141  8:07  Supply Depot  
  141  8:12  Marine  
  144  8:17  Command Center  
  144  8:18  Siege Tank  
  148  8:22  Marine x2  
  148  8:23  Marine x2  
  148  8:24  Marine  
  148  8:26  Medivac x2  
  157  8:31  Supply Depot  
  157  8:32  Supply Depot, Terran Infantry Armor Level 2  
  157  8:35  Barracks Reactor  
  157  8:37  Terran Infantry Weapons Level 2  
  157  8:38  Marine x2  
  157  8:39  Marine  
  157  8:40  Marine  
  160  8:50  Siege Tank  
  160  8:53  Marine x2  
  160  8:54  Marine  
  166  8:56  Viking x2  
  166  8:59  Marine  
  166  9:00  Marine x2  
  173  9:07  Marine x2  
  171  9:11  Marine x3  
  171  9:13  Marine x2  
  171  9:16  Terran Vehicle Weapons Level 1  
  176  9:17  Marine  
  176  9:21  Factory  
  176  9:22  Siege Tank  
  168  9:27  Marine x2  
  151  9:35  Marine x8  
  141  9:44  SCV x2  
  141  9:45  SCV, Marine x2  
  145  9:46  Liberator x2  
  150  9:52  Marine  
  150  9:53  Marine x5  
  150  9:55  Marine x2  
  150  10:02  Siege Tank  
  150  10:03  Marine x2  
  139  10:10  Marine x6  
  139  10:13  Marine x2  
  141  10:20  Planetary Fortress, Marine  
  141  10:21  Marine  
  130  10:24  SCV x3  
  130  10:28  Marine x6  
  130  10:29  Viking  
  130  10:31  Marine x2  
  130  10:34  Siege Tank x2  
  144  10:38  Marine x2  
  136  10:46  Marine x6  
  136  10:49  Marine x2  
  134  10:54  Medivac  
  134  10:56  Marine x2  
  135  11:04  Marine x5  
Tags
 
Add a new tag
Caveats
  • Supply blocks, unpowered buildings, or Contaminate may cause inaccurate times.
  • Supply counts are checked every 10 seconds.